Workbook

Sheet IS
B2: INCOME STATEMENT | L2: Change rates | P2: Projections
C3: 2016 | D3: 2017 | E3: 2018 | F3: 2019 | G3: 2020 | H3: 2021 | I3: 2022 | J3: 2023 | L3: Period Ending: | M3: 2016 | N3: 2017 | O3: 2018 | P3: 2019 | Q3: 2020 | R3: 2021 | S3: 2022 | T3: 2023
B4: Period Ending: | C4: 000' | L4: Total Revenue growth | N4: =(D5-C5)/C5 -> -0.0085615118 | O4: =(E5-D5)/D5 -> 0.053913179 | P4: =AVERAGE(N4:O4) -> 0.022675834 | Q4: =AVERAGE(N4:P4) -> 0.022675834 | R4: =AVERAGE(O4:Q4) -> 0.033088282 | S4: =AVERAGE(P4:R4) -> 0.02614665 | T4: =AVERAGE(Q4:S4) -> 0.027303588
B5: Total Revenue | C5: 12965000 | D5: 12854000 | E5: 13547000 | F5: =E5*(1+P4) -> 13854190 | G5: =F5*(1+Q4) -> 14168345 | H5: =G5*(1+R4) -> 14637151 | I5: =H5*(1+S4) -> 15019863 | J5: =I5*(1+T4) -> 15429960 | L5: Cost of Revenue | N5: =(D6-C6)/C6 -> 0.0029516665 | O5: =(E6-D6)/D6 -> 0.081667689 | P5: =AVERAGE(N5:O5) -> 0.042309677 | Q5: =AVERAGE(N5:P5) -> 0.042309677 | R5: =AVERAGE(O5:Q5) -> 0.055429015 | S5: =AVERAGE(P5:R5) -> 0.04668279 | T5: =AVERAGE(Q5:S5) -> 0.048140494
B6: Cost of Revenue | C6: 8131000 | D6: 8155000 | E6: 8821000 | F6: =E6*(1+P5) -> 9194213.7 | G6: =F6*(1+Q5) -> 9583217.9 | H6: =G6*(1+R5) -> 10114406 | I6: =H6*(1+S5) -> 10586575 | J6: =I6*(1+T5) -> 11096218 | L6: Sales, General and Admin. | M6: =ROUND((C10/C5),2) -> 0.26 | N6: =ROUND((D10/D5),2) -> 0.26 | O6: =ROUND((E10/E5),2) -> 0.22 | P6: =AVERAGE(N6:O6) -> 0.24 | Q6: =AVERAGE(N6:P6) -> 0.24 | R6: =AVERAGE(O6:Q6) -> 0.23333333 | S6: =AVERAGE(P6:R6) -> 0.23777778 | T6: =AVERAGE(Q6:S6) -> 0.23703704
B7: Gross Profit | C7: =C5-C6 -> 4834000 | D7: =D5-D6 -> 4699000 | E7: =E5-E6 -> 4726000 | F7: =F5-F6 -> 4659975.9 | G7: =G5-G6 -> 4585126.9 | H7: =H5-H6 -> 4522744.8 | I7: =I5-I6 -> 4433288.6 | J7: =J5-J6 -> 4333741.8 | L7: Interest Expense | N7: =(D16-C16)/C16 -> -0.36945813 | O7: =(E16-D16)/D16 -> 0.12109375 | P7: =AVERAGE(N7:O7) -> -0.12418219 | Q7: =AVERAGE(N7:P7) -> -0.12418219 | R7: =AVERAGE(O7:Q7) -> -0.042423543 | S7: =AVERAGE(P7:R7) -> -0.096929307 | T7: =AVERAGE(Q7:S7) -> -0.087845013
B8: Operating Expenses | L8: Effective tax rate | M8: =C18/C17 -> 0.251606 | N8: =D18/D17 -> 0.24743512 | O8: =E18/E17 -> 0.13619263 | P8: =AVERAGE(M8:O8) -> 0.21174458 | Q8: =AVERAGE(N8:P8) -> 0.19845744 | R8: =AVERAGE(O8:Q8) -> 0.18213155 | S8: =AVERAGE(P8:R8) -> 0.19744453 | T8: =AVERAGE(Q8:S8) -> 0.19267784
B9: Research and Development | C9: 0 | D9: 0 | E9: 0 | F9: 0 | G9: 0 | H9: 0 | I9: 0 | J9: 0
B10: Sales, General and Admin. | C10: 3351000 | D10: 3312000 | E10: 3020000 | F10: =F5*P6 -> 3325005.5 | G10: =G5*Q6 -> 3400402.8 | H10: =H5*R6 -> 3415335.2 | I10: =I5*S6 -> 3571389.8 | J10: =J5*T6 -> 3657471.9
B11: Non-Recurring Items | C11: 0 | D11: 0 | E11: 0 | F11: 0 | G11: 0 | H11: 0 | I11: 0 | J11: 0
B12: Other Operating Items | C12: 0 | D12: 0 | E12: 0 | F12: 0 | G12: 0 | H12: 0 | I12: 0 | J12: 0
B13: Operating Income | C13: =C7-C10 -> 1483000 | D13: =D7-D10 -> 1387000 | E13: =E7-E10 -> 1706000 | F13: =F7-F10 -> 1334970.4 | G13: =G7-G10 -> 1184724.2 | H13: =H7-H10 -> 1107409.6 | I13: =I7-I10 -> 861898.8 | J13: =J7-J10 -> 676269.87
B14: Add'l income/expense items | C14: -143000 | D14: 526000 | E14: -90000 | F14: 97667 | G14: 97667 | H14: 97667 | I14: 97667 | J14: 97667
B15: Earnings Before Interest and Tax | C15: =SUM(C13:C14) -> 1340000 | D15: =SUM(D13:D14) -> 1913000 | E15: =SUM(E13:E14) -> 1616000 | F15: =SUM(F13:F14) -> 1432637.4 | G15: =SUM(G13:G14) -> 1282391.2 | H15: =SUM(H13:H14) -> 1205076.6 | I15: =SUM(I13:I14) -> 959565.8 | J15: =SUM(J13:J14) -> 773936.87
B16: Interest Expense | C16: 406000 | D16: 256000 | E16: 287000 | F16: =E16*(1+P7) -> 251359.71 | G16: =F16*(1+Q7) -> 220145.31 | H16: =G16*(1+R7) -> 210805.97 | I16: =H16*(1+S7) -> 190372.69 | J16: =I16*(1+T7) -> 173649.4
B17: Earnings Before Tax | C17: =C15-C16 -> 934000 | D17: =D15-D16 -> 1657000 | E17: =E15-E16 -> 1329000 | F17: =F15-F16 -> 1181277.7 | G17: =G15-G16 -> 1062245.9 | H17: =H15-H16 -> 994270.59 | I17: =I15-I16 -> 769193.11 | J17: =J15-J16 -> 600287.47
B18: Income Tax | C18: 235000 | D18: 410000 | E18: 181000 | F18: =F17*P8 -> 250129.14 | G18: =G17*Q8 -> 210810.6 | H18: =H17*R8 -> 181088.05 | I18: =I17*S8 -> 151872.97 | J18: =J17*T8 -> 115662.09
B19: Minority Interest | C19: -1000 | D19: 0 | E19: -8000 | F19: -8000 | G19: -8000 | H19: -8000 | I19: -8000 | J19: -8000
B20: Equity Earnings/Loss Unconsolidated Subsidiary | C20: 1000 | D20: 7000 | E20: 196000 | F20: 196000 | G20: 196000 | H20: 196000 | I20: 196000 | J20: 196000
B22: Net Income-Cont. Operations | C22: =C17-C18+C19+C20 -> 699000 | D22: =D17-D18+D19+D20 -> 1254000 | E22: =E17-E18+E19+E20 -> 1336000 | F22: =F17-F18+F19+F20 -> 1119148.5 | G22: =G17-G18+G19+G20 -> 1039435.3 | H22: =H17-H18+H19+H20 -> 1001182.5 | I22: =I17-I18+I19+I20 -> 805320.14 | J22: =J17-J18+J19+J20 -> 672625.38
B23: Net Income | C23: =C22 -> 699000 | D23: =D22 -> 1254000 | E23: =E22 -> 1336000 | F23: =F22 -> 1119148.5 | G23: =G22 -> 1039435.3 | H23: =H22 -> 1001182.5 | I23: =I22 -> 805320.14 | J23: =J22 -> 672625.38
B24: Net Income Applicable to Common Shareholders | C24: =C23 -> 699000 | D24: =D23 -> 1254000 | E24: =E23 -> 1336000 | F24: =F23 -> 1119148.5 | G24: =G23 -> 1039435.3 | H24: =H23 -> 1001182.5 | I24: =I23 -> 805320.14 | J24: =J23 -> 672625.38

Sheet BS
B2: Balance Sheet
B4: Period Ending: | C4: 2016 | D4: 2017 | E4: 2018
B5: Current Assets | C5: 000'
B6: Cash and Cash Equivalents | C6: 280000 | D6: 281000 | E6: 321000
B7: Short-Term Investments | C7: 0 | D7: 0 | E7: 0
B8: Net Receivables | C8: 1231000 | D8: 1389000 | E8: 1375000
B9: Inventory | C9: 1238000 | D9: 1217000 | E9: 1330000
B10: Other Current Assets | C10: 191000 | D10: 149000 | E10: 131000
B11: Total Current Assets | C11: =SUM(C6:C10) -> 2940000 | D11: =SUM(D6:D10) -> 3036000 | E11: =SUM(E6:E10) -> 3157000
B12: Long-Term Assets
B13: Long-Term Investments | C13: 438000 | D13: 429000 | E13: 413000
B14: Fixed Assets | C14: 3569000 | D14: 3716000 | E14: 3731000
B15: Goodwill | C15: 5166000 | D15: 5504000 | E15: 6050000
B16: Intangible Assets | C16: 2369000 | D16: 2639000 | E16: 3361000
B17: Other Assets | C17: 629000 | D17: 1027000 | E17: 1068000
B18: Deferred Asset Charges | C18: 0 | D18: 0 | E18: 0
B19: Total Assets | C19: =SUM(C13:C18)+C11 -> 15111000 | D19: =SUM(D13:D18)+D11 -> 16351000 | E19: =SUM(E13:E18)+E11 -> 17780000
B20: Current Liabilities
B21: Accounts Payable | C21: 2014000 | D21: 2269000 | E21: 2427000
B22: Short-Term Debt / Current Portion of Long-Term Debt | C22: 1069000 | D22: 779000 | E22: 686000
B23: Other Current Liabilities | C23: 1391000 | D23: 1474000 | E23: 1416000
B24: Total Current Liabilities | C24: =SUM(C21:C23) -> 4474000 | D24: =SUM(D21:D23) -> 4522000 | E24: =SUM(E21:E23) -> 4529000
B25: Long-Term Debt | C25: 6698000 | D25: 7836000 | E25: 8207000
B26: Other Liabilities | C26: 1488000 | D26: 1444000 | E26: 1155000
B27: Deferred Liability Charges | C27: 525000 | D27: 355000 | E27: 730000
B28: Misc. Stocks | C28: 0 | D28: 0 | E28: 0
B29: Minority Interest | C29: 16000 | D29: 16000 | E29: 558000
B30: Total Liabilities | C30: =SUM(C25:C29)+C24 -> 13201000 | D30: =SUM(D25:D29)+D24 -> 14173000 | E30: =SUM(E25:E29)+E24 -> 15179000
B31: Stock Holders Equity
B32: Common Stocks | C32: 105000 | D32: 105000 | E32: 105000
B33: Capital Surplus | C33: 806000 | D33: 878000 | E33: 895000
B34: Retained Earnings | C34: 6571000 | D34: 7069000 | E34: 7652000
B35: Treasury Stock | C35: -3997000 | D35: -4417000 | E35: -4551000
B36: Other Equity | C36: -1575000 | D36: -1457000 | E36: -1500000
B37: Total Equity | C37: =SUM(C32:C36) -> 1910000 | D37: =SUM(D32:D36) -> 2178000 | E37: =SUM(E32:E36) -> 2601000
B38: Total Liabilities & Equity | C38: =C30+C37 -> 15111000 | D38: =D30+D37 -> 16351000 | E38: =E30+E37 -> 17780000

Sheet CF
B2: Cashflow Statement
B4: Period Ending: | C4: 2016 | D4: 2017 | E4: 2018
C5: 000'
B6: Net Income | C6: 700000 | D6: 1254000 | E6: 1344000
B7: Cash Flows-Operating Activities
B8: Depreciation | C8: 517000 | D8: 481000 | E8: 516000
B9: Net Income Adjustments | C9: 357000 | D9: -292000 | E9: -275000
B10: Changes in Operating Activities
B11: Accounts Receivable | C11: -480000 | D11: -1300000 | E11: 76000
B12: Changes in Inventories | C12: 7000 | D12: 80000 | E12: -86000
B13: Other Operating Activities | C13: 46000 | D13: -13000 | E13: -154000
B14: Liabilities | C14: 124000 | D14: 193000 | E14: 115000
B15: Net Cash Flow-Operating | C15: =SUM(C11:C14)+SUM(C8:C9)+C6 -> 1271000 | D15: =SUM(D11:D14)+SUM(D8:D9)+D6 -> 403000 | E15: =SUM(E11:E14)+SUM(E8:E9)+E6 -> 1536000
B16: Cash Flows-Investing Activities
B17: Capital Expenditures | C17: -507000 | D17: -501000 | E17: -578000
B18: Investments | C18: 526000 | D18: 1236000 | E18: -397000
B19: Other Investing Activities | C19: -411000 | D19: -586000 | E19: 27000
B20: Net Cash Flows-Investing | C20: =SUM(C17:C19) -> -392000 | D20: =SUM(D17:D19) -> 149000 | E20: =SUM(E17:E19) -> -948000
B21: Cash Flows-Financing Activities
B22: Sale and Purchase of Stock | C22: -58000 | D22: -419000 | E22: -153000
B23: Net Borrowings | C23: 1050000 | D23: 398000 | E23: 624000
B24: Other Financing Activities | C24: -144000 | D24: 0 | E24: -11000
B25: Net Cash Flows-Financing | C25: -786000 | D25: -604000 | E25: -566000
B26: Effect of Exchange Rate | C26: -64000 | D26: 53000 | E26: 18000
B27: Net Cash Flow | C27: 29000 | D27: 1000 | E27: 40000

Sheet WACC
B3: WACC COMPUTATION | F3: WACC | G3: =(1-F7)*G11*(F13/F15)+G12*(F14/F15) -> 0.038690506
B5: 2016 | E5: berofe new tax code
B6: effective taxrate | C6: =IS!M8 -> 0.251606 | E6: Tax rate | F6: =AVERAGE(C6:C12) -> 0.21174458
F7: 0.2117
B8: 2017
B9: effective taxrate | C9: =IS!N8 -> 0.24743512
B11: 2018 | E11: r(d) | F11: =Kd!C7 -> 0.04 | G11: 0.04
B12: effective taxrate | C12: =IS!O8 -> 0.13619263 | E12: r(e) | F12: =Ke!B8 -> 7.9514 | G12: =F12/100 -> 0.079514
E13: D= | F13: =E19 -> 1.2715333e+10
E14: E= | F14: =1000*AVERAGE(BS!C37:E37) -> 2.2296667e+09
E15: D+E=V= | F15: =F13+F14 -> 1.4945e+10
C17: Debt: | D17: total current liabilities | E17: =1000*AVERAGE(BS!C24:E24) -> 4.5083333e+09
D18: long term debt | E18: 8207000000
D19: total debt | E19: =E18+E17 -> 1.2715333e+10

Sheet Ke
A2: Ke=Rf+βj(Rm-Rf) | G2: Rm | H2: 16 | I2: 17 | J2: 18
H3: 11.96 | I3: 21.83 | J3: -4.38
B4: Rf | C4: 2.69 | D4: 10 year bond Closing for 2018
B5: βj | C5: 0.74
B6: Rm | C6: =ROUND(AVERAGE(H3:J3),2) -> 9.8 | D6: Average S&P 500 for 2016 to 2018
A8: Ke = | B8: =C4+C5*(C6-C4) -> 7.9514

Sheet Kd
C2: 2016 | D2: 2017 | E2: 2018
C3: 000'
B4: Interest expense | C4: =IS!C16 -> 406000 | D4: =IS!D16 -> 256000 | E4: =IS!E16 -> 287000
B5: Longterm debt | C5: =BS!C25 -> 6698000 | D5: =BS!D25 -> 7836000 | E5: =BS!E25 -> 8207000
B6: Rate | C6: =ROUND((C4/C5),2) -> 0.06 | D6: =ROUND((D4/D5),2) -> 0.03 | E6: =ROUND((E4/E5),2) -> 0.03
B7: Average | C7: =AVERAGE(C6:E6) -> 0.04

Sheet DCF
A2: Discounted Cash Flow Analysis
A4: CASH FLOW (CF) | D4: 2019 | E4: 2020 | F4: 2021 | G4: 2022 | H4: 2023
A5: EBIT | D5: =1000*IS!F15 -> 1.4326374e+09 | E5: =1000*IS!G15 -> 1.2823912e+09 | F5: =1000*IS!H15 -> 1.2050766e+09 | G5: =1000*IS!I15 -> 9.595658e+08 | H5: =1000*IS!J15 -> 7.7393687e+08
A6: COST OF CAPITAL
A7: Cost of Capital | B7: =WACC!G3 -> 0.038690506
A8: PRESENT VALUE OF CASH FLOWS | D8: =D4 -> 2019 | E8: =E4 -> 2020 | F8: =F4 -> 2021 | G8: =G4 -> 2022 | H8: =H4 -> 2023
D9: 1 | E9: =D9+1 -> 2 | F9: =E9+1 -> 3 | G9: =F9+1 -> 4 | H9: =G9+1 -> 5
A10: Discount Factor | D10: =1/((1+$B7)^D9) -> 0.96275069 | E10: =1/((1+$B7)^E9) -> 0.92688889 | F10: =1/((1+$B7)^F9) -> 0.89236292 | G10: =1/((1+$B7)^G9) -> 0.85912301 | H10: =1/((1+$B7)^H9) -> 0.82712127
A11: Present Value of Cash Flows | D11: =D5*D10 -> 1.3792726e+09 | E11: =E5*E10 -> 1.1886341e+09 | F11: =F5*F10 -> 1.0753656e+09 | G11: =G5*G10 -> 8.2438506e+08 | H11: =H5*H10 -> 6.4013965e+08
A12: TERMINAL VALUE
A13: Cost of Capital | F13: =B7 -> 0.038690506
A14: Growth Rate in Perpetuity | F14: 0.0203 | G14: inflation rate
A15: Terminal Value | F15: =(H5*(1+F14))/(F13-F14) -> 4.2937797e+10
A16: Kellongg's PV of Operations
B17: PV of CF | D17: PV of Terminal Value | F17: Total
B18: =SUM(D11:H11) -> 5.1077971e+09 | C18: + | D18: =H10*F15 -> 3.5514765e+10 | E18: = | F18: =B18+D18 -> 4.0622562e+10
E19: PV of operations | F19: =F18 -> 4.0622562e+10
D20: Cash and Marketable securities | F20: =1000*BS!E6 -> 321000000
E21: Enterprice Value | F21: =SUM(F19:F20) -> 4.0943562e+10
E23: Longterm debt | F23: =1000*(SUM(BS!E25:E29)-BS!E35) -> 15201000000
E24: Short term debt | F24: =1000*(BS!E24+(-BS!E36)) -> 6029000000
E26: Equity value | F26: =F21-F23-F24 -> 1.9713562e+10
D28: Estimated shares outstandings | F28: 348000000
D29: Estimated value per share | F29: =F26/F28 -> 56.648167
E30: Current share price | F30: 57.2
E31: Premium | F31: =-(1-F30/F29) -> 0.0097414156

Sheet Assumptions
A2: No:
A3: 1 | B3: Moving averages for past revenues are used to predict growth rates in revenues
A4: 2 | B4: Research and development costs will never be incurred
A5: 3 | B5: Sales, General and Admin expenses will grow as a fraction of total revenue.
A6: 4 | B6: The company will not have non-reccuring items throughout its lifetime
A7: 5 | B7: Other operating items will never emerge
A8: 6 | B8: Minority interest will remain at $8,000,000
A9: 7 | B9: Additional income/expense items will remain constant at the previous 3 year average
A10: 8 | B10: Equity Earnings/Loss Unconsolidated Subsidiary remains constant at the 2018 year figure.
A11: 9 | B11: Inflation rates will be used to predict the constant growth rate at the steady state and average for 3 preceding years is used
